 Dungeon Crawl Stone Soup version 0.19.0-19-g8c6edcc (webtiles) character file.

312389 cedor the Grim Reaper (level 20, -8/151 HPs)
             Began as a Demonspawn Monk on Nov 12, 2016.
             Was the Champion of Yredelemnul.
             Killed from afar by a Hell Sentinel (43 damage)
             ... with an iron shot
             ... on level 2 of the Abyss.
             The game lasted 05:10:17 (30368 turns).

cedor the Grim Reaper (Demonspawn Monk)            Turns: 30368, Time: 05:10:17

Health: -8/151     AC: 38    Str: 13    XL:     20   Next: 5%
Magic:  25/33      EV: 18    Int: 17    God:    Yredelemnul [******]
Gold:   805        SH: 18    Dex: 19    Spells: 2 memorised, 15 levels left

rFire  + + .     SeeInvis +       - Unarmed
rCold  + . .     Gourm    .     j - +5 fire dragon scales
rNeg   + . .     Faith    .     e - +2 shield {reflect}
rPois  +         Spirit   .     M - +2 helmet
rElec  .         Reflect  +     d - +0 cloak of Minor Irritation {-Cast +Inv rPois rN+}
rCorr  .         Harm     .     (gloves unavailable)
MR     +....     NoCast   +     G - +2 pair of boots {run}
Stlth  +++.......               r - amulet "Muzif" {Reflect rC+ Int+3 SH+2}
                                D - +4 ring of evasion
                                A - ring of see invisible

@: sanguine armour, quick
A: claws 3, clumsy 1, cold resistance 1, spiny 2, augmentation 2, sanguine
armour 3
a: Recall Undead Slaves, Injury Mirror, Animate Dead, Drain Life, Enslave Soul,
Renounce Religion, Evoke Invisibility
}: 3/15 runes: barnacled, silver, gossamer


You were on level 2 of the Abyss.
You worshipped Yredelemnul.
Yredelemnul was exalted by your worship.
You were not hungry.

You visited 7 branches of the dungeon, and saw 40 of its levels.
You visited the Abyss 1 time.
You also visited: Labyrinth, Sewer and Bailey.

You collected 3969 gold pieces.
You spent 3164 gold pieces at shops.


Innate Abilities, Weirdness & Mutations

You have claws for hands.
Your flesh is cold resistant. (rC+)
You are mostly covered in sharp spines.
Your magical and physical power is enhanced at high health.
When seriously injured, your bleeding wounds create very thick armour. (AC +12)
You are clumsy. (Dex -2)


   Skills:
 + Level 11.5 Fighting
   Level 3.1 Polearms
 + Level 13.6 Armour
 - Level 8.2 Dodging
 - Level 9.0 Stealth
 * Level 14.9 Shields
 + Level 15.7 Unarmed Combat
 + Level 19.8 Invocations
 - Level 9.0 Evocations


You had 15 spell levels left.
You knew the following spells:

 Your Spells              Type           Power        Failure   Level  Hunger
z - Confuse               Hex            #.......     100%        3    ####...
Z - Corona                Hex            #......      86%         1    ##.....

Inventory:

Hand Weapons
 b - a +0 blowgun
Missiles
 g - 5 curare-tipped needles {=f}
 i - 2 throwing nets {=f}
 u - 19 javelins of returning (quivered)
Armour
 d - the +0 cloak of Minor Irritation (worn) {-Cast +Inv rPois rN+}

   It protects you from poison.
   It protects you from negative energy.
   It lets you turn invisible.
   It prevents spellcasting.
 e - a +2 shield of reflection (worn)
 j - +5 fire dragon scales (worn)
 l - a +1 shield of fire resistance
 G - a +2 pair of boots of running (worn)
 M - a +2 helmet (worn)
Rods
 n - a +4 rod of clouds (10/10) {!a}
Jewellery
 o - an uncursed ring of resist corrosion
 r - the amulet "Muzif" (around neck) {Reflect rC+ Int+3 SH+2}

   [amulet of reflection]

   It shields you and reflects attacks.
   It affects your intelligence (+3).
   It protects you from cold.
   It affects your SH (+2).
 x - the amulet of the Four Winds {rN+ MR+++ Clar}

   [amulet of nothing]

   It protects you from negative energy.
   It affects your resistance to hostile enchantments.
   It protects you against confusion.
 A - a ring of see invisible (left claw)
 D - a +4 ring of evasion (right claw)
 J - an uncursed amulet of guardian spirit
 O - an uncursed ring of flight
 T - an uncursed ring of poison resistance
Wands
 k - a wand of lightning (4/15)
 s - a wand of acid (5/15)
 v - a wand of hasting (7/9) {!d@v3}
 y - a wand of paralysis (18/24)
 E - a wand of disintegration (4/24)
 X - a wand of iceblast (1/15)
Scrolls
 z - a scroll of fog
 B - 3 scrolls of blinking
 K - 5 scrolls of teleportation {@r4}
 U - 4 scrolls of fear
 W - a scroll of magic mapping
Potions
 h - 3 potions of invisibility
 m - 6 potions of ambrosia
 p - 8 potions of agility
 q - a potion of cancellation
 t - 6 potions of lignification {!q}
 F - 8 potions of might
 L - 9 potions of curing {@q1}
 P - 2 potions of brilliance
 Q - a potion of heal wounds {@q2}
 Z - 3 potions of berserk rage {!q}
Books
 H - a book of Spatial Translocations

   Spells                             Type                      Level
   a - Blink                          Translocation                2
   b - Shroud of Golubria             Charms/Translocation         2
   c - Lesser Beckoning               Translocation                3
   d - Portal Projectile              Translocation                3
   e - Teleport Other                 Translocation                3
   f - Passage of Golubria            Translocation                4
Miscellaneous
 c - a box of beasts
 f - a phial of floods (inert)
 w - a lamp of fire
 N - a fan of gales (inert)
 S - a disc of storms
 Y - 2 sacks of spiders
Comestibles
 a - 12 bread rations
 C - 7 meat rations
 V - 2 royal jellies

Dungeon Overview and Level Annotations

Branches:
Dungeon (15/15)            Temple (0/1) D:5            Lair (6/6) D:10
 Shoals (4/4) Lair:4       Spider (4/4) Lair:4          Orc (2/2) D:12
    Elf (0/3) Orc:2        Vaults (5/5) D:14         Depths (4/5) D:15
  Slime: Lair:5-6     Crypt: Vaults:2-3

Altars:
Ashenzari
Cheibriados
Dithmenos
Fedhas
Hepliaklqana
Kikubaaqudgha
Makhleb
Okawaru
Uskayaw
Xom
Yredelemnul
The Shining One

Shops:
D:4 [   D:5 (   D:6 !   D:14 %   Orc:2 *([*:   Shoals:1 !:*(   Vaults:2 =
Vaults:5 %   Depths:1 }   Depths:3 !

Portals:
Hell: Depths:1 Depths:2 Depths:4
Abyss: Depths:3 Depths:4

Annotations:
D:5 Grinder
Lair:3 exclusion: oklob plant

▒▒▒ ▒.. ▒▒▒..▒▒
▒ ▒▒...▒.▒
▒.▒▒▒...▒.▒ ▒
......▒6#▒▒.▒▒▒
▒..▒.▒##.....▒
.. ▒.##1....▒.▒
.. ▒..≈E▒▒..▒ ▒
▒▒▒▒
▒▒...▒▒▒≈▒#▒▒▒
▒.
...▒....▒..▒#.▒
.▒ ▒.
▒.▒.......▒ ▒.
▒ ▒▒.▒▒▒.▒.▒.▒
▒ ....
▒..▒▒..▒.▒▒


You could see a Hell Sentinel.


Message History

Evoke which item? (* to show all) (? for menu, Esc to quit)
Aim the phial where?
Press: ? - help, Shift-Dir - straight line, f - Hell Sentinel
Aim: a Hell Sentinel (lightly wounded)
The great wave of water hits the Hell Sentinel.
The Hell Sentinel is moderately wounded.
The wave splashes down.
Splash!
You fall into the shallow water.
The water rises up and takes form.
You hear a screech!
You hear a hideous shriek!
You hear a chilling moan.
The Hell Sentinel gestures at you.
The sphere of damnation explodes!
The damnation engulfs you!
* * * LOW HITPOINT WARNING * * *
The damnation engulfs your phantasmal warrior.
The damnation engulfs the Hell Sentinel.
The Hell Sentinel completely resists.
You feel much better.
Your phantasmal warrior is struck by the Hell Sentinel's spines.
Your phantasmal warrior hits the Hell Sentinel!
The Hell Sentinel hits you but does no damage.
The Hell Sentinel closely misses you.
Your water elemental is struck by the Hell Sentinel's spines.
Your water elemental hits the Hell Sentinel.
You enter the shallow water.
Your phantasmal warrior is struck by the Hell Sentinel's spines.
Your phantasmal warrior is destroyed!
The Hell Sentinel gestures at you. The iron shot hits you!
You die...
Your body rises from the dead as a mindless zombie.

Action                   |  1- 3 |  4- 6 |  7- 9 | 10-12 | 13-15 | 16-18 | 19-21 || total
-------------------------+-------+-------+-------+-------+-------+-------+-------++-------
Melee: Spear             |   132 |    71 |       |       |       |       |       ||   203
       Punch             |     1 |     7 |     7 |    19 |       |       |       ||    34
       Unarmed           |       |   206 |   282 |   440 |   761 |   560 |   291 ||  2540
Throw: Stone             |     1 |       |       |       |       |       |       ||     1
Invok: Animate Dead      |       |     9 |    14 |    44 |    73 |    54 |    18 ||   212
       Animate Remains   |       |     3 |       |       |       |       |       ||     3
       Recall Undead Sla |       |     2 |     6 |     9 |    23 |    19 |     9 ||    68
       Injury Mirror     |       |       |       |     2 |     2 |       |       ||     4
       Enslave Soul      |       |       |       |     1 |     2 |     1 |     3 ||     7
       Drain Life        |       |       |       |     6 |    10 |    16 |     8 ||    40
 Abil: Evoke Flight      |       |       |       |       |     4 |       |       ||     4
Evoke: Wand              |     4 |       |     6 |     5 |    12 |       |       ||    27
       Rod               |       |       |       |       |     2 |       |       ||     2
       Sack of spiders   |       |       |       |       |     1 |     1 |       ||     2
       Fan of gales      |       |       |       |       |       |       |     1 ||     1
       Phial of floods   |       |       |       |       |       |       |     1 ||     1
  Use: Scroll            |     2 |     2 |    11 |    11 |    10 |    12 |     3 ||    51
       Potion            |       |       |       |     3 |     3 |     5 |     3 ||    14
 Stab: Sleeping          |     9 |     5 |     6 |     4 |    18 |    12 |     1 ||    55
       Confused          |     5 |       |       |       |       |       |       ||     5
       Distracted        |       |     2 |     2 |     8 |    20 |    26 |     9 ||    67
       Paralysed         |       |       |       |       |     2 |     2 |       ||     4
  Eat: Chunk             |     1 |    13 |    12 |    15 |    55 |    28 |     3 ||   127
       Beef jerky        |       |       |     4 |       |       |     1 |     2 ||     7
       Bread ration      |       |       |     1 |     1 |     3 |     2 |     2 ||     9
       Pizza             |       |       |       |     7 |       |     1 |       ||     8
Armor: Robe              |    16 |    58 |    51 |    16 |       |       |       ||   141
       Troll leather arm |       |       |       |    58 |       |       |       ||    58
       Chain mail        |       |       |       |    29 |    74 |       |       ||   103
       Leather armour    |       |       |       |       |    87 |     7 |     6 ||   100
       Fire dragon scale |       |       |       |       |       |   155 |    62 ||   217
Dodge: Dodged            |    53 |   179 |   171 |   306 |   528 |   322 |   117 ||  1676
Block: Buckler           |       |       |       |    30 |   207 |    71 |       ||   308
       Shield            |       |       |       |       |     9 |   162 |   175 ||   346
       Reflection        |       |       |       |       |       |    14 |     8 ||    22

Vault maps used:
D:1:      roderic_crop_circles_arrival_small
D:2:      nicolae_overflow_crystal_walls, uniq_sigmund
D:3:      ecumenical_altar_2, first_bread, uniq_crazy_yiuf_cottage, uniq_iyjb
D:4:      serial_shops, shop, portal_sewer_entry_b, hangedman_decor_points,
          kennysheep_generic_room_4
D:5:      nicolae_overflow_quartered_altars, serial_shops, shop,
          kennysheep_generic_room_13, uniq_grinder, uniq_eustachio
D:6:      serial_shops, shop, serial_undead, serial_undead_d, serial_undead_c,
          serial_undead_d, serial_undead_b, serial_undead_a, uniq_pikel
D:7:      kennysheep_mini, grunt_livestock, tgw_kikubaaqudgha
D:8:      gammafunk_temple_overflow_wave, lemuel_flamethrower_2
D:10:     hangedman_cross_veins, david_lair_generic
D:11:     enter_bailey_8
D:12:     minmay_tri_box, orc_0_dummy
D:13:     nicolae_two_hexagons, minmay_misc_feat_iff
D:14:     hangedman_vaults_entry_quadrant_bands, grunt_dithmenos_shadows,
          serial_shops, shop, minmay_guarded_unrand_wrath_of_trog
D:15:     grunt_enter_depths_magical_seal, minivault_26, uniq_agnes, uniq_rupert
Lair:1:   kb_xom_exploding_sheep, serial_bayou_shore_b
Lair:2:   basic_altar, grunt_megastairs_3
Lair:4:   elwin_shoals_entry_stream, nicolae_spider_entry_tight_spaces
Lair:5:   dpeg_slime_entry_corner, lab_entry_generic, st_stairs_4,
          beast_lair_carwin_6
Lair:6:   gammafunk_lair_ancient_temple, grunt_megastairs_4
Shoals:1: serial_shops, nicolae_shop_temple_entry_statues_fountains,
          nicolae_shop_statue_plus, shop, nicolae_shop_waterfront
Shoals:4: shoals_end_grunt_garden, shoal_ilsuiw, uniq_louise
Spider:1: uniq_donald, uniq_roxanne
Spider:4: floodkiller_spider_rune_tomb, uniq_nikola
Orc:2:    st_orc_congregation, serial_shops, shop, nicolae_orc_rockfall
Vaults:1: nicolae_vaults_three_branches, vaults_dpeg_spiral, v_rooms_1,
          ontoclasm_vaults_idyll, vaults_mumra_lcd, v_misc_8, v_misc_1,
          vaults_mumra_minichess_inversion, vaults_room_grunt_arrival_ludios,
          vaults_dpeg_cross, nicolae_vaults_specimen_jars,
          nicolae_vaults_little_squares_6, hangedman_vaults_trim, enter_trove_1,
          serial_shops, shop, uniq_aizul
Vaults:2: nicolae_vaults_little_ls, minmay_crypt_entry_simple_statues,
          v_rooms_6, nicolae_vaults_meeting, vaults_dpeg_ring, v_misc_16,
          v_misc_13, nicolae_vaults_diagonal_hallway_7,
          nicolae_vaults_border_crossing, hangedman_vaults_impose,
          ontoclasm_vaults_hangar, ontoclasm_vaults_tryst,
          ontoclasm_vaults_idyll, v_misc_23, serial_shops, shop, uniq_mara,
          uniq_margery, uniq_bai_suzhen, uniq_frederick
Vaults:3: vaults_room_door_hall, v_misc_10, vaults_room_semicircle, v_pattern_4,
          nicolae_vaults_know_your_exits, hangedman_vaults_maws,
          nicolae_vaults_network_barrier, ontoclasm_vaults_claustrophobia,
          v_rooms_4, serial_ice_g, nicolae_vaults_angled_halls,
          vaults_dpeg_encased_lava, serial_shops, shop_statue
Vaults:4: nicolae_vaults_twisting_passages, v_pattern_5,
          nicolae_vaults_stairing_the_circle, nicolae_vaults_little_squares_1,
          v_alt_pattern_3, nicolae_vaults_network_star, vaults_room_octagon,
          vaults_room_guarded_vault, uniq_saint_roka
Vaults:5: serial_shops
Depths:1: serial_bayou_shore_b, grunt_mini_vestibule, kennysheep_windowed_goal,
          uniq_enchantress
Depths:2: thingy_vault, enter_ziggurat_b, pf_hell_entry_tar_river
Depths:3: minmay_tile_spiral, serial_shops, nicolae_shop_waterfront,
          minmay_misc_feat_roman, pan_entry, hellmouth_1, abyss_entry,
          serial_bayou_shore_a
Depths:4: hangedman_slaughterboxes, serial_shops, abyss_entry, hell_entry,
          uniq_sojobo
Lab:      labyrinth_mini_lab, nicolae_lab_hexagon, lab_block
Sewer:    sewer_frog_island_01
Bailey:   bailey_polearm_2, bailey

Notes
Turn   | Place    | Note
-------+----------+-------------------------------------------
     0 | D:1      | cedor the Demonspawn Monk began the quest for the Orb.
     0 | D:1      | Reached XP level 1. HP: 18/18 MP: 1/1
    67 | D:1      | Reached skill level 3 in Polearms
    83 | D:1      | Gained mutation: You have sharp fingernails. [demonic ancestry]
    83 | D:1      | Reached XP level 2. HP: 14/24 MP: 2/2
   562 | D:1      | Reached skill level 3 in Dodging
   876 | D:2      | Reached skill level 1 in Unarmed Combat
   985 | D:2      | Gained mutation: When seriously injured, your bleeding wounds create armour. (AC +12) [demonic ancestry]
   985 | D:2      | Reached XP level 3. HP: 14/29 MP: 3/3
  1433 | D:2      | Noticed Sigmund
  1462 | D:2      | Killed Sigmund
  1462 | D:2      | Reached skill level 3 in Unarmed Combat
  1462 | D:2      | Reached XP level 4. HP: 35/35 MP: 4/4
  1462 | D:2      | Reached XP level 5. HP: 41/41 MP: 5/5
  1704 | D:2      | Reached skill level 4 in Dodging
  2240 | D:2      | Found a glowing golden altar of the Shining One.
  2344 | D:2      | Reached skill level 4 in Unarmed Combat
  2344 | D:2      | Reached XP level 6. HP: 29/47 MP: 6/6
  2789 | D:3      | Found a faded altar of an unknown god.
  2801 | D:3      | Became a worshipper of Yredelemnul the Dark
  2801 | D:3      | Reached * piety under Yredelemnul
  2801 | D:3      | Reached ** piety under Yredelemnul
  2916 | D:3      | Noticed Ijyb
  2924 | D:3      | Killed Ijyb
  3003 | D:3      | Reached *** piety under Yredelemnul
  3481 | D:3      | Found a runed door.
  3485 | D:3      | Noticed Crazy Yiuf
  3493 | D:3      | Killed Crazy Yiuf
  3640 | D:4      | Reached skill level 1 in Invocations
  3716 | D:4      | Found a glowing drain.
  3750 | Sewer    | Entered a sewer
  4008 | Sewer    | Gained mutation: You are partially covered in sharp spines. [demonic ancestry]
  4008 | Sewer    | Reached XP level 7. HP: 45/52 MP: 6/8
  4009 | Sewer    | Received a gift from Yredelemnul (a mummy)
  4011 | Sewer    | Reached skill level 5 in Unarmed Combat
  4069 | D:4      | Reached skill level 2 in Invocations
  4124 | D:4      | HP: 1/52 [ball python zombie/exploding inner flame[the player character] (18)]
  4622 | D:4      | Reached skill level 5 in Dodging
  4738 | D:4      | Found Budas's Armour Boutique.
  4749 | D:4      | Reached skill level 3 in Invocations
  5122 | D:5      | Entered Level 5 of the Dungeon
  5122 | D:5      | Found Ynaija Xefi's Weapon Boutique.
  5161 | D:5      | Noticed Grinder
  5274 | D:5      | Found a staircase to the Ecumenical Temple.
  5353 | D:5      | Reached **** piety under Yredelemnul
  5373 | D:5      | Reached skill level 6 in Unarmed Combat
  5373 | D:5      | Reached skill level 4 in Invocations
  5373 | D:5      | Reached XP level 8. HP: 58/58 MP: 9/11
  5489 | D:5      | Found a hide-covered altar of Uskayaw.
  5573 | D:5      | Found a snail-covered altar of Cheibriados.
  5584 | D:5      | Found a shattered altar of Ashenzari.
  5602 | D:5      | Found a blossoming altar of Fedhas.
  5656 | D:5      | Noticed Eustachio
  5669 | D:5      | Killed Eustachio
  5669 | D:5      | Reached skill level 1 in Evocations
  5955 | D:6      | Reached skill level 2 in Evocations
  6200 | D:6      | Reached skill level 5 in Invocations
  6235 | D:6      | Reached skill level 7 in Unarmed Combat
  6446 | D:6      | Noticed Pikel
  6459 | D:6      | Killed Pikel
  6459 | D:6      | Reached skill level 6 in Dodging
  6459 | D:6      | Reached skill level 3 in Evocations
  6459 | D:6      | Gained mutation: When seriously injured, your bleeding wounds create thick armour. (AC +12) [demonic ancestry]
  6459 | D:6      | Reached XP level 9. HP: 41/63 MP: 10/13
  6669 | D:6      | Found Uvisyate's Distillery.
  6675 | D:6      | Bought a potion of degeneration for 15 gold pieces
  7084 | D:7      | Reached skill level 6 in Invocations
  7111 | D:7      | Received a gift from Yredelemnul (a wight)
  7193 | D:7      | Found a hazy altar of Hepliaklqana.
  7247 | D:7      | Reached skill level 8 in Unarmed Combat
  7256 | D:7      | Reached skill level 4 in Evocations
  7658 | D:7      | Found an ancient bone altar of Kikubaaqudgha.
  7693 | D:7      | Reached skill level 7 in Invocations
  7858 | D:7      | Received a gift from Yredelemnul (a wight)
  8388 | D:8      | Gained mutation: Your flesh is cold resistant. (rC+) [demonic ancestry]
  8388 | D:8      | Reached XP level 10. HP: 65/70 MP: 15/15
  8559 | D:8      | Reached skill level 7 in Dodging
  8559 | D:8      | Reached skill level 9 in Unarmed Combat
  8559 | D:8      | Reached skill level 5 in Evocations
  8589 | D:8      | Reached ***** piety under Yredelemnul
  8665 | D:8      | Received a gift from Yredelemnul (a wight)
  8983 | D:8      | Found an iron altar of Okawaru.
  8983 | D:8      | Found a burning altar of Makhleb.
  9036 | D:9      | Reached skill level 8 in Invocations
  9339 | D:9      | Reached skill level 4 in Fighting
  9729 | D:9      | Reached skill level 9 in Invocations
  9803 | D:10     | Entered Level 10 of the Dungeon
  9813 | D:10     | Noticed SirGodfroy's ghost (novice MfTm)
  9815 | D:10     | Found a staircase to the Lair.
  9815 | D:10     | Noticed an elephant
  9877 | D:9      | Killed an elephant
  9877 | D:9      | Reached skill level 5 in Fighting
  9877 | D:9      | Reached skill level 8 in Dodging
  9967 | D:10     | Killed SirGodfroy's ghost
  9975 | Lair:1   | Entered Level 1 of the Lair of Beasts
 10040 | Lair:2   | Noticed a spiny frog
 10042 | Lair:2   | Reached XP level 11. HP: 75/80 MP: 18/18
 10223 | D:4      | Received a gift from Yredelemnul (a vampire)
 10263 | D:4      | Bought a +1 chain mail of poison resistance for 135 gold pieces
 10469 | Lair:2   | Found a basalt altar of Yredelemnul.
 10469 | Lair:2   | Identified the Papyrus of the Louse
 10560 | Lair:2   | Reached skill level 1 in Armour
 10606 | Lair:2   | Received a gift from Yredelemnul (a wight)
 10628 | Lair:2   | Noticed a four-headed hydra
 10641 | Lair:2   | Killed a four-headed hydra
 10641 | Lair:2   | Reached skill level 10 in Invocations
 10668 | Lair:3   | Reached skill level 10 in Unarmed Combat
 10676 | Lair:3   | Reached skill level 2 in Armour
 10684 | Lair:3   | Reached skill level 6 in Fighting
 10801 | Lair:3   | Noticed an oklob plant
 11001 | Lair:4   | Reached skill level 3 in Armour
 11140 | Lair:4   | Found a staircase to the Shoals.
 11161 | Lair:4   | Reached skill level 11 in Invocations
 11162 | Lair:4   | Received a gift from Yredelemnul (a wight)
 11215 | Lair:4   | Found a hole to the Spider Nest.
 11255 | Lair:4   | Reached skill level 4 in Armour
 11307 | Lair:4   | Noticed a five-headed hydra
 11313 | Lair:4   | Killed a five-headed hydra
 11313 | Lair:4   | Reached skill level 7 in Fighting
 11472 | Lair:5   | Received a gift from Yredelemnul (a wraith)
 11475 | Lair:5   | Gained mutation: When seriously injured, your bleeding wounds create very thick armour. (AC +12) [demonic ancestry]
 11475 | Lair:5   | Reached XP level 12. HP: 71/91 MP: 20/20
 11560 | Lair:5   | Noticed a catoblepas
 11577 | Lair:5   | Killed a catoblepas
 11596 | Lair:5   | Reached skill level 5 in Armour
 11648 | Lair:5   | Reached skill level 12 in Invocations
 11649 | Lair:5   | Found a labyrinth entrance.
 11659 | Lab      | Entered a labyrinth
 11758 | Lab      | Received a gift from Yredelemnul (a wraith)
 11870 | Lab      | Noticed a minotaur
 11884 | Lab      | Killed a minotaur
 11884 | Lab      | Reached skill level 11 in Unarmed Combat
 11893 | Lab      | Got a smoking scale mail
 11912 | Lab      | Identified the cursed +1 scale mail of the Orb Guardian {*Slow rElec rF+++ Dex-3 SInv} (You took it off a minotaur in a labyrinth)
 11959 | Lab      | Identified a scroll of acquirement
 11977 | Lab      | Got a fine iron ring
 11979 | Lab      | Identified the ring "Zygiarr" {+Fly Stlth-} (You found it in a labyrinth)
 12029 | Lair:5   | Reached skill level 1 in Shields
 12041 | Lair:5   | Noticed a death yak
 12047 | Lair:5   | Killed a death yak
 12050 | Lair:5   | Reached skill level 2 in Shields
 12165 | Lair:6   | Entered Level 6 of the Lair of Beasts
 12175 | Lair:6   | Noticed a four-headed hydra
 12178 | Lair:5   | Reached skill level 3 in Shields
 12367 | Lair:6   | Reached skill level 6 in Armour
 12374 | Lair:6   | Killed a four-headed hydra
 12374 | Lair:6   | Reached skill level 4 in Shields
 12443 | Lair:6   | Noticed an eight-headed hydra
 12449 | Lair:6   | Killed an eight-headed hydra
 12569 | Lair:6   | Received a gift from Yredelemnul (2 flying skulls)
 12569 | Lair:6   | Reached XP level 13. HP: 46/98 MP: 12/22
 12572 | Lair:6   | Reached skill level 13 in Invocations
 12675 | Lair:6   | Reached skill level 5 in Shields
 12681 | Lair:6   | Reached skill level 8 in Fighting
 12681 | Lair:6   | Reached skill level 2 in Stealth
 12728 | Lair:6   | Received a gift from Yredelemnul (2 flying skulls)
 12749 | Lair:6   | Identified a +1 pair of boots of running (You found it on level 6 of the Lair of Beasts)
 13140 | D:11     | Found a flagged portal.
 13186 | Bailey   | Entered a bailey
 13284 | Bailey   | Noticed Gravenous's ghost (journeyman DrTm)
 13350 | Bailey   | Killed Gravenous's ghost
 13487 | Bailey   | Received a gift from Yredelemnul (a wraith)
 13569 | Bailey   | Reached skill level 3 in Stealth
 13792 | Bailey   | Found a roughly hewn altar of Beogh.
 13837 | Bailey   | Reached skill level 7 in Armour
 13952 | D:11     | Identified a wand of hasting
 14013 | D:11     | Received a gift from Yredelemnul (a flayed ghost)
 14338 | D:12     | Received a gift from Yredelemnul (a flayed ghost)
 14576 | D:12     | Found a staircase to the Orcish Mines.
 14618 | D:12     | Reached skill level 6 in Evocations
 14722 | D:12     | Reached skill level 4 in Stealth
 14970 | Orc:1    | Entered Level 1 of the Orcish Mines
 14985 | Orc:1    | Received a gift from Yredelemnul (a ghoul)
 15435 | Orc:2    | Entered Level 2 of the Orcish Mines
 15453 | Orc:2    | Received a gift from Yredelemnul (a vampire)
 15594 | Orc:2    | Received a gift from Yredelemnul (a bone dragon)
 15604 | Orc:2    | Noticed an orc warlord
 15608 | Orc:2    | Reached skill level 12 in Unarmed Combat
 15615 | Orc:2    | Reached skill level 9 in Fighting
 15628 | Orc:2    | Killed an orc warlord
 15628 | Orc:2    | Reached skill level 14 in Invocations
 15631 | Orc:2    | Received a gift from Yredelemnul (a vampire knight)
 15914 | Orc:2    | Reached XP level 14. HP: 86/108 MP: 22/24
 15925 | Orc:2    | Received a gift from Yredelemnul (a vampire)
 16129 | Orc:2    | Found Qimety's General Store.
 16130 | Orc:2    | Found Uvaebbod's Book Shop.
 16132 | Orc:2    | Found Hynenan's Antique Armour Shop.
 16132 | Orc:2    | Found Olaneil's Antique Weapon Boutique.
 16238 | Orc:2    | Found Safupum's Assorted Antiques.
 16246 | Orc:2    | Bought a scroll of identify for 50 gold pieces
 16324 | Orc:2    | Reached ****** piety under Yredelemnul
 16326 | Orc:2    | Found a staircase to the Elven Halls.
 16735 | D:13     | Noticed Frank's ghost (journeyman GrGl)
 16740 | D:13     | Reached skill level 8 in Armour
 16743 | D:13     | Received a gift from Yredelemnul (a ghoul)
 16745 | D:13     | Killed Frank's ghost
 16745 | D:13     | Reached skill level 7 in Evocations
 16767 | D:13     | Reached skill level 5 in Stealth
 16911 | D:13     | Received a gift from Yredelemnul (a vampire)
 17197 | D:14     | Received a gift from Yredelemnul (a profane servitor)
 17395 | D:14     | Received a gift from Yredelemnul (a vampire knight)
 17420 | D:14     | Found a gate to the Vaults.
 17495 | D:14     | Upgraded the game from 0.19.0-18-g426998a to 0.19.0-19-g8c6edcc
 17524 | D:14     | Found Plog's Food Emporium.
 17658 | D:14     | Found a shadowy altar of Dithmenos.
 17755 | D:14     | Received a gift from Yredelemnul (a profane servitor)
 17936 | D:15     | Entered Level 15 of the Dungeon
 17978 | D:15     | Reached skill level 6 in Stealth
 17983 | D:15     | Received a gift from Yredelemnul (a profane servitor)
 17984 | D:15     | Reached skill level 8 in Evocations
 18123 | D:15     | Received a gift from Yredelemnul (a vampire knight)
 18274 | D:15     | Noticed Agnes
 18280 | D:15     | Killed Agnes
 18280 | D:15     | Reached skill level 10 in Fighting
 18310 | D:15     | Noticed Rupert
 18319 | D:15     | Killed Rupert
 18458 | D:15     | Found a staircase to the Depths.
 18462 | D:15     | Received a gift from Yredelemnul (a vampire)
 18624 | D:11     | Reached skill level 9 in Armour
 18701 | Lair:2   | Learned a level 1 spell: Corona
 18833 | Spider:1 | Entered Level 1 of the Spider Nest
 18845 | Spider:1 | Noticed Donald
 18853 | Spider:1 | Killed Donald
 18902 | Spider:1 | Gained mutation: You have very sharp fingernails. [demonic ancestry]
 18902 | Spider:1 | Reached XP level 15. HP: 73/115 MP: 23/26
 18995 | Spider:1 | Learned a level 3 spell: Confuse
 19048 | Spider:2 | Reached skill level 15 in Invocations
 19130 | Spider:4 | Entered Level 4 of the Spider Nest
 19130 | Spider:4 | Noticed Nikola
 19147 | Spider:4 | Killed Nikola
 19199 | Spider:4 | Received a gift from Yredelemnul (a ghoul)
 19251 | Spider:4 | Reached skill level 7 in Stealth
 19394 | Spider:4 | Received a gift from Yredelemnul (a ghoul)
 19459 | Spider:4 | Noticed a ghost moth
 19465 | Spider:4 | Killed a ghost moth
 19544 | Spider:4 | Reached skill level 6 in Shields
 19566 | Spider:4 | Reached skill level 9 in Evocations
 19591 | Spider:4 | Received a gift from Yredelemnul (a phantasmal warrior)
 19631 | Spider:4 | Received a gift from Yredelemnul (a ghoul)
 19700 | Spider:4 | Received a gift from Yredelemnul (a phantasmal warrior)
 19781 | Spider:4 | Reached skill level 13 in Unarmed Combat
 19801 | Spider:4 | Received a gift from Yredelemnul (a skeletal warrior)
 19828 | Spider:4 | Got a gossamer rune of Zot
 19868 | Spider:4 | Reached skill level 7 in Shields
 20183 | Shoals:1 | Entered Level 1 of the Shoals
 20197 | Shoals:1 | Found Waix's General Store.
 20200 | Shoals:1 | Found Duachad's Antique Weapon Shoppe.
 20259 | Shoals:1 | Found Coacamm's Book Shop.
 20330 | Shoals:1 | Received a gift from Yredelemnul (a vampire)
 20344 | Shoals:1 | Found Viushovu's Distillery.
 20476 | Shoals:3 | Reached skill level 10 in Armour
 20592 | Shoals:4 | Entered Level 4 of the Shoals
 20621 | Shoals:4 | Reached skill level 8 in Stealth
 20631 | Shoals:4 | Received a gift from Yredelemnul (a vampire knight)
 20655 | Shoals:4 | Noticed Louise
 20661 | Shoals:4 | Killed Louise
 20661 | Shoals:4 | Gained mutation: You have claws for hands. [demonic ancestry]
 20661 | Shoals:4 | Reached XP level 16. HP: 74/122 MP: 19/27
 20673 | Shoals:4 | Noticed Ilsuiw
 20680 | Shoals:4 | Killed Ilsuiw
 20697 | Shoals:4 | Reached skill level 8 in Shields
 20760 | Shoals:4 | Noticed Zebulonius's ghost (adept MiBe)
 20766 | Shoals:4 | Killed Zebulonius's ghost
 20808 | Shoals:4 | Reached skill level 16 in Invocations
 20809 | Shoals:4 | Received a gift from Yredelemnul (a skeletal warrior)
 20825 | Shoals:4 | Identified 2 potions of resistance
 20843 | Shoals:4 | HP: 12/122 [satyr/arrow (27)]
 21416 | Orc:2    | Bought glowing fire dragon scales for 1980 gold pieces
 21854 | Shoals:2 | Got an encrusted plate armour
 21865 | Shoals:2 | Identified the +9 plate armour of Prudence {Regen+ Str+4 Slay+2} (You found it on level 2 of the Shoals)
 22027 | Spider:2 | Received a gift from Yredelemnul (a skeletal warrior)
 22388 | Shoals:4 | Got a barnacled rune of Zot
 22737 | Vaults:1 | Entered Level 1 of the Vaults
 22756 | Vaults:1 | Received a gift from Yredelemnul (a flayed ghost)
 22760 | Vaults:1 | Reached skill level 9 in Shields
 22912 | Vaults:1 | Reached skill level 9 in Stealth
 23060 | Vaults:1 | Received a gift from Yredelemnul (a vampire knight)
 23375 | Vaults:1 | Received a gift from Yredelemnul (a skeletal warrior)
 23763 | Vaults:1 | Received a gift from Yredelemnul (a skeletal warrior)
 23858 | Vaults:1 | Received a gift from Yredelemnul (a vampire knight)
 23892 | Vaults:1 | Noticed Aizul
 23893 | Vaults:1 | Reached skill level 11 in Armour
 23900 | Vaults:1 | Killed Aizul
 23900 | Vaults:1 | Enslaved Aizul
 24105 | Vaults:2 | Found Wask's Jewellery Boutique.
 24111 | Vaults:2 | Bought a cursed amulet of inaccuracy for 42 gold pieces
 24158 | Vaults:2 | Reached skill level 10 in Shields
 24341 | Vaults:3 | Received a gift from Yredelemnul (a ghoul)
 24463 | Vaults:4 | Reached XP level 17. HP: 99/128 MP: 29/29
 24576 | Vaults:4 | Noticed Saint Roka
 24591 | Vaults:4 | Killed Saint Roka
 24591 | Vaults:4 | Reached skill level 17 in Invocations
 24667 | Vaults:4 | Reached skill level 14 in Unarmed Combat
 24729 | Vaults:4 | Received a gift from Yredelemnul (a vampire knight)
 24785 | Vaults:4 | Got a twisted cloak
 24796 | Vaults:4 | Identified the cursed +0 cloak of Minor Irritation {-Cast +Inv rPois rN+} (You found it on level 4 of the Vaults)
 24908 | Vaults:4 | Received a gift from Yredelemnul (a flayed ghost)
 25003 | Vaults:4 | Received a gift from Yredelemnul (a flayed ghost)
 25320 | Vaults:5 | Entered Level 5 of the Vaults
 25323 | Vaults:5 | Noticed a tentacled monstrosity
 25326 | Vaults:5 | Noticed a quicksilver dragon
 25329 | Vaults:5 | Reached skill level 11 in Shields
 25343 | Vaults:5 | Received a gift from Yredelemnul (a vampire knight)
 25344 | Vaults:5 | Killed a tentacled monstrosity
 25346 | Vaults:5 | Killed a quicksilver dragon
 25351 | Vaults:5 | Received a gift from Yredelemnul (a skeletal warrior)
 25382 | Vaults:5 | Found Xeaxtiy's Food Boutique.
 25394 | Vaults:5 | Noticed a golden dragon
 25395 | Vaults:5 | Received a gift from Yredelemnul (a ghoul)
 25404 | Vaults:5 | Killed a golden dragon
 25407 | Vaults:5 | Received a gift from Yredelemnul (a flayed ghost)
 25650 | Vaults:5 | Reached skill level 12 in Shields
 25650 | Vaults:5 | Reached skill level 18 in Invocations
 25669 | Vaults:5 | Reached skill level 12 in Armour
 25671 | Vaults:5 | Gained mutation: Your magical and physical power is slightly enhanced at high health. [demonic ancestry]
 25671 | Vaults:5 | Reached XP level 18. HP: 97/134 MP: 31/31
 25804 | Vaults:5 | Got a bloodstained helmet
 25815 | Vaults:5 | Identified the +0 helmet of the Wasteland {Str+3} (You found it on level 5 of the Vaults)
 26089 | Vaults:5 | Got a twitching garnet amulet
 26090 | Vaults:5 | Identified the amulet "Muzif" {Reflect rC+ Int+3 SH+2} (You took it off a frost giant on level 5 of the Vaults)
 26222 | Vaults:5 | Your ally Aizul died
 26226 | Vaults:5 | Received a gift from Yredelemnul (a skeletal warrior)
 26301 | Vaults:5 | Got a silver rune of Zot
 26310 | Vaults:5 | Identified the Tome of Assistive Conjuration
 26357 | Vaults:5 | Noticed a tentacled monstrosity
 26362 | Vaults:5 | Killed a tentacled monstrosity
 26363 | Vaults:5 | Received a gift from Yredelemnul (a ghoul)
 26456 | Vaults:5 | Noticed a tentacled monstrosity
 26478 | Vaults:5 | Killed a tentacled monstrosity
 26827 | Vaults:4 | Reached skill level 13 in Shields
 27261 | Orc:2    | Bought a shiny shield for 315 gold pieces
 27429 | Vaults:2 | Bought the amulet of the Four Winds {rN+ MR+++ Clar} for 627 gold pieces
 27521 | Depths:1 | Entered Level 1 of the Depths
 27526 | Depths:1 | Reached skill level 15 in Unarmed Combat
 27536 | Depths:1 | Noticed the Enchantress
 27551 | Depths:1 | Killed the Enchantress
 27551 | Depths:1 | Received a gift from Yredelemnul (a vampire)
 27553 | Depths:1 | Got faerie dragon scales
 27593 | Depths:1 | Identified the +0 faerie dragon scales {rPois rF+ rCorr Str-4} (You took it off the Enchantress on level 1 of the Depths)
 27697 | Depths:1 | Received a gift from Yredelemnul (a flayed ghost)
 27776 | Depths:1 | Found a gateway to Hell.
 27811 | Depths:1 | Found Nogiodgh's Gadget Shop.
 27932 | Depths:3 | Found Jurch's Distillery.
 28079 | Depths:3 | Received a gift from Yredelemnul (a vampire)
 28119 | Depths:3 | Noticed a golden dragon
 28138 | Depths:3 | Gained mutation: Your magical and physical power is enhanced at high health. [demonic ancestry]
 28138 | Depths:3 | Reached XP level 19. HP: 97/142 MP: 25/32
 28139 | Depths:3 | Killed a golden dragon
 28141 | Depths:3 | Reached skill level 19 in Invocations
 28142 | Depths:3 | Received a gift from Yredelemnul (a bone dragon)
 28153 | Depths:3 | Noticed a golden dragon
 28154 | Depths:3 | Noticed a lich
 28193 | Depths:3 | Got a heavily runed leather armour
 28225 | Depths:3 | Identified the cursed +1 leather armour "Diadesixt" {MR+ Slay+5} (You found it on level 3 of the Depths)
 28286 | Depths:3 | Killed a golden dragon
 28313 | Depths:3 | Found a one-way gate to the infinite horrors of the Abyss.
 28326 | Depths:3 | Reached skill level 14 in Shields
 28326 | Depths:3 | Received a gift from Yredelemnul (a phantasmal warrior)
 28373 | Depths:3 | Killed a lich
 28460 | Depths:2 | Reached skill level 13 in Armour
 28655 | Lair:1   | Noticed zkyp's ghost (journeyman TrAr)
 28661 | Lair:1   | Killed zkyp's ghost
 28945 | Depths:4 | Received a gift from Yredelemnul (a bone dragon)
 29052 | Depths:4 | Found a shimmering altar of Xom.
 29052 | Depths:4 | Found a shattered altar of Ashenzari.
 29053 | Depths:4 | Found a blossoming altar of Fedhas.
 29100 | Depths:4 | Reached skill level 11 in Fighting
 29480 | Depths:4 | Noticed a juggernaut
 29489 | Depths:4 | Killed a juggernaut
 29490 | Depths:4 | Received a gift from Yredelemnul (a vampire knight)
 29508 | Depths:4 | Noticed Sojobo
 29513 | Depths:4 | Paralysed by a great orb of eyes for 2 turns
 29519 | Depths:4 | Killed Sojobo
 29519 | Depths:4 | Enslaved Sojobo
 29525 | Depths:4 | Received a gift from Yredelemnul (a flayed ghost)
 29578 | Depths:4 | Noticed a golden dragon
 29589 | Depths:4 | Killed a golden dragon
 29600 | Depths:4 | Received a gift from Yredelemnul (a skeletal warrior)
 29610 | Depths:4 | Cast into level 2 of the Abyss (a wizard)
 29893 | Abyss:2  | Received a gift from Yredelemnul (a bone dragon)
 30134 | Abyss:2  | Paralysed by a great orb of eyes for 5 turns
 30140 | Abyss:2  | Received a gift from Yredelemnul (a phantasmal warrior)
 30182 | Abyss:2  | Gained mutation: You are mostly covered in sharp spines. [demonic ancestry]
 30182 | Abyss:2  | Reached XP level 20. HP: 69/151 MP: 33/33
 30196 | Abyss:2  | Gained mutation: You are clumsy. (Dex -2) [a neqoxec]
 30366 | Abyss:2  | HP: 15/151 [Hell Sentinel/damnation (29)]
 30368 | Abyss:2  | Killed from afar by a Hell Sentinel

Vanquished Creatures
  Saint Roka (Vaults:4)
  3 golden dragons
  the Enchantress (Depths:1)
  A tentacled monstrosity (Vaults:5)
  A quicksilver dragon (Depths:3)
  A sphinx (Vaults:4)
  5 tengu reavers
  A tentacled starspawn (Abyss:2)
  A storm dragon (Depths:3)
  A frost giant (Depths:1)
  3 fire giants
  2 vault wardens
  5 stone giants
  2 spriggan defenders
  A very ugly thing (Vaults:5)
  An ironheart preserver (Vaults:5)
  2 vampire knights
  The ghost of Gravenous the Grappler, a journeyman DrTm of Cheibriados (Bailey)
  3 deep elf death magi (Vaults:5)
  A fire dragon (Vaults:1)
  3 ettins
  A minotaur (Lab)
  4 yaktaur captains
  A great orb of eyes (Abyss:2)
  3 ice dragons
  6 vault guards
  A hydra (Lair:2)
  A catoblepas (Lair:5)
  A spriggan air mage (Depths:4)
  A death knight (D:15)
  A merfolk avatar (Lair:6)
  2 ogre magi
  A death scarab (Spider:4)
  A deep troll shaman (Depths:4)
  A tengu warrior (Depths:1)
  2 orc high priests (Orc:2)
  4 thrashing horrors (Abyss:2)
  2 hell knights (Depths:4)
  A shadow wraith (Vaults:4)
  2 spatial maelstroms (Abyss:2)
  A fire crab (shapeshifter) (Abyss:2)
  An iron troll (Depths:1)
  2 unseen horrors
  2 skeletal warriors
  2 deep trolls (Depths:1)
  A sea snake (Lair:6)
  4 wizards
  A flayed ghost (Vaults:4)
  5 harpies (Vaults:2)
  4 hill giants
  An ironbrand convoker (Vaults:5)
  4 wolf spiders
  Pikel (D:6)
  2 phantasmal warriors (Vaults:5)
  2 necromancers
  5 orc knights
  A wolf spider zombie (D:15)
  A deep elf mage (D:15)
  5 ugly things
  5 elephants
  An orc sorcerer (Orc:2)
  A centaur zombie (D:11)
  A cyclops (D:13)
  2 vault sentinels (Vaults:4)
  A black mamba (Lair:6)
  A gargoyle (D:13)
  2 centaur skeletons (D:14)
  2 spectral swamp worms (Depths:2)
  A smoke demon (Abyss:2)
  6 spiny frogs
  A rime drake (Lair:6)
  A demonic crawler (Spider:1)
  A freezing wraith (Vaults:5)
  A komodo dragon (Lair:6)
  An ancient zyme (Abyss:2)
  13 yaktaurs
  A tengu conjurer (Depths:1)
  A troll (Vaults:1)
  A polar bear (Lair:6)
  3 merfolk
  A meliai (shapeshifter) (Vaults:2)
  6 jumping spiders
  3 large abominations (Abyss:2)
  7 hornets
  A spectral jumping spider (Spider:4)
  4 raiju (Abyss:2)
  4 blink frogs
  4 hippogriffs
  6 two-headed ogres
  6 slime creatures
  8 dream sheep (Lair:5)
  A flying skull (Depths:1)
  A spriggan (shapeshifter) (Depths:1)
  2 water elementals
  Sigmund (D:2)
  A spriggan (Depths:1)
  A wyvern (D:12)
  A wraith (D:10)
  An air elemental (Depths:4)
  A shadow (D:14)
  9 redbacks
  4 hogs (D:7)
  2 ynoxinuls (Abyss:2)
  4 tarantellas
  12 yaks
  5 basilisks
  A human (D:7)
  3 hungry ghosts
  A neqoxec (Abyss:2)
  3 vampire mosquitoes (D:13)
  A mottled dragon (D:11)
  6 water moccasins
  28 orc warriors
  4 ice beasts
  A black bear (D:12)
  A sky beast (D:8)
  A phantom (D:6)
  7 ogres
  3 boggarts (Vaults:1)
  6 centaurs
  12 crocodiles
  3 big kobolds
  7 bullfrogs
  3 small abominations (Abyss:2)
  A wyvern skeleton (D:14)
  A scorpion (D:8)
  9 killer bees (D:8)
  7 wights
  6 howler monkeys
  3 crimson imps
  6 hounds
  7 starcursed masses (Abyss:2)
  2 bullfrog zombies
  4 jellies
  21 orc priests
  16 orc wizards
  A bullfrog skeleton (D:6)
  3 iguanas
  Crazy Yiuf (D:3)
  Ijyb (D:3)
  11 worker ants
  2 killer bee zombies (D:8)
  A hound zombie (D:6)
  A hound skeleton (D:6)
  3 worker ant zombies
  16 adders
  3 gnolls (D:9)
  A shadow imp (D:12)
  An ooze (D:2)
  2 adder zombies (D:6)
  An adder skeleton (D:5)
  2 worms (D:2)
  3 dart slugs
  7 leopard geckos
  67 orcs
  4 ball pythons
  9 bats
  11 giant cockroaches
  5 goblins
  6 hobgoblins
  10 jackals
  7 kobolds
  4 quokkas
  7 frilled lizards
  2 giant cockroach zombies (D:6)
  A leopard gecko skeleton (D:6)
  A leopard gecko zombie (D:6)
  2 orc zombies (Bailey)
  A quokka zombie (D:6)
  7 rats
  A rat skeleton (D:4)
  A rat zombie (D:4)
  A fungus (D:3)
645 creatures vanquished.

Vanquished Creatures (collateral kills)
  A juggernaut (Depths:4)
  Nikola (Spider:4)
  A golden dragon (Depths:3)
  3 liches
  Rupert (D:15)
  3 tentacled monstrosities
  5 titans
  2 quicksilver dragons
  The ghost of Zebulonius the Executioner, an adept MiBe of Trog (Shoals:4)
  A tentacled starspawn (Abyss:2)
  5 sphinxes
  3 shadow dragons (Vaults:5)
  Agnes (D:15)
  A storm dragon (Vaults:5)
  Donald (Spider:1)
  2 tengu reavers
  Ilsuiw (Shoals:4)
  7 fire giants
  9 frost giants
  2 orc warlords
  7 vault wardens
  Louise (Shoals:4)
  2 iron dragons (Depths:3)
  A ghost moth (Spider:4)
  A balrug (Abyss:2)
  4 emperor scorpions (Spider:4)
  5 spriggan defenders
  7 stone giants
  A war gargoyle (Vaults:5)
  4 ironheart preservers
  A stone giant (shapeshifter) (Depths:3)
  3 very ugly things (Depths:1)
  2 deep elf demonologists (Vaults:5)
  A vampire knight (Depths:4)
  A deep elf annihilator (Vaults:1)
  2 spark wasps
  4 merfolk javelineers (Shoals:4)
  2 deep elf death magi (Vaults:5)
  8 ettins
  5 deep elf high priests
  7 merfolk impalers
  9 yaktaur captains
  8 fire dragons
  4 great orbs of eyes
  7 ice dragons
  24 vault guards
  The ghost of Frank the Basher, a journeyman GrGl of Kikubaaqudgha (D:13)
  A rakshasa (Vaults:1)
  The ghost of zkyp the Grappler, a journeyman TrAr (Lair:1)
  6 hydras
  A hell beast (Depths:1)
  4 spriggan air magi
  3 merfolk avatars (Shoals:4)
  4 merfolk aquamancers
  5 centaur warriors
  7 ogre magi
  7 death scarabs (Spider:4)
  4 satyrs (Shoals:4)
  3 tengu warriors (Depths:1)
  A death knight (Vaults:4)
  6 deep troll shamans
  A deep troll earth mage (Depths:1)
  A dancing weapon (Vaults:4)
  A thrashing horror (Abyss:2)
  The ghost of SirGodfroy the Transmogrifier, a novice MfTm (D:10)
  A death yak (Lair:5)
  6 spriggan berserkers
  2 vampire magi (Depths:4)
  A hell knight (Depths:4)
  2 orc high priests (Orc:2)
  2 deep elf knights (Vaults:1)
  2 spectral emperor scorpions (Spider:4)
  4 iron trolls
  2 shadow wraiths (Vaults:4)
  8 skeletal warriors
  12 sea snakes
  A swamp dragon (shapeshifter) (Depths:3)
  2 unseen horrors
  2 flayed ghosts
  A wizard (Depths:4)
  9 deep trolls
  A glowing orange brain (shapeshifter) (Depths:4)
  A hill giant (D:13)
  2 phantasmal warriors
  3 deep elf archers
  5 spectral wolf spiders (Spider:4)
  A necromancer (Vaults:1)
  A wolf spider zombie (Spider:4)
  14 orb spiders
  9 orc knights
  13 wolf spiders
  A human zombie (Vaults:5)
  6 harpies
  An orb spider (shapeshifter) (Depths:1)
  9 ironbrand convokers
  A mana viper (shapeshifter) (Depths:3)
  5 orc sorcerers
  26 fauns
  6 deep elf magi
  A fire giant zombie (Vaults:5)
  2 cyclopes (Vaults:1)
  6 manticores
  3 moths of wrath (Spider:4)
  12 ugly things
  6 sirens
  4 elephants
  An apocalypse crab (Abyss:2)
  A guardian serpent (shapeshifter) (Depths:4)
  4 centaur zombies
  3 black mambas
  6 vault sentinels
  7 centaur skeletons
  A naga mage (D:15)
  A fire giant skeleton (Vaults:5)
  A smoke demon (Abyss:2)
  3 spectral swamp worms (Depths:2)
  7 spiny frogs
  A torpor snail (shapeshifter) (Depths:4)
  2 kobold demonologists (D:15)
  3 freezing wraiths
  5 rime drakes
  6 komodo dragons
  3 spectral redbacks (Spider:4)
  A redback zombie (Spider:4)
  28 yaktaurs
  An ice devil (Depths:1)
  5 demonic crawlers
  15 jumping spiders
  4 trolls
  19 merfolk
  2 polar bears (Lair:6)
  A tengu conjurer (Depths:1)
  8 hornets
  9 two-headed ogres
  A tyrant leech (shapeshifter) (Vaults:5)
  A large abomination (Abyss:2)
  A wind drake (Shoals:4)
  5 hippogriffs
  A spectral jumping spider (Spider:4)
  14 blink frogs
  A dream sheep (shapeshifter) (Vaults:5)
  8 snapping turtles
  3 dream sheep (Lair:5)
  11 slime creatures
  2 tarantella zombies (Spider:4)
  An ettin zombie (Vaults:5)
  6 wraiths
  2 air elementals (Depths:4)
  17 redbacks
  3 spriggans (Depths:3)
  16 tarantellas
  10 water elementals
  3 wyverns (Lair:6)
  2 flying skulls (Depths:1)
  8 yaks
  Eustachio (D:5)
  A basilisk (shapeshifter) (Vaults:2)
  5 basilisks
  3 hungry ghosts
  A steam dragon (D:12)
  3 small abominations (Abyss:2)
  6 vampire mosquitoes
  8 wargs
  A swamp worm (shapeshifter) (Depths:3)
  A floating eye (Depths:3)
  A floating eye (shapeshifter) (Depths:4)
  A hell hound (Depths:1)
  2 porcupines
  4 water moccasins
  31 orc warriors
  2 spectral hornets (Spider:4)
  3 ice beasts
  2 hornet zombies (Spider:4)
  A slave (D:6)
  3 eyes of draining
  A necrophage (D:14)
  2 sky beasts
  20 ogres
  A phantom (D:13)
  5 boggarts (Vaults:1)
  3 wolves (Lair:6)
  4 centaurs
  3 crocodiles
  A big kobold (D:15)
  7 bullfrogs
  4 scorpions
  2 killer bees (D:8)
  An electric eel (Spider:3)
  A howler monkey (D:13)
  3 wights
  A crimson imp (D:9)
  A quasit (D:11)
  A hound (D:9)
  12 orc priests
  15 orc wizards
  A worker ant (D:12)
  A killer bee zombie (D:6)
  An ogre zombie (Orc:2)
  A hound zombie (D:9)
  A hound skeleton (D:10)
  A worker ant zombie (D:6)
  3 adders
  A gnoll (D:9)
  A shadow imp (D:14)
  40 orcs
  3 giant cockroaches (Sewer)
  A hobgoblin (D:3)
  4 kobolds
  A frilled lizard (Sewer)
  A leopard gecko skeleton (D:9)
  13 orc zombies
  2 crawling corpses (Depths:4)
  6 fungi
  50 plants
990 creatures vanquished.

Vanquished Creatures (others)
  3 bone dragons
  A profane servitor (Depths:3)
  7 ghouls
  10 vampire knights
  A very ugly thing zombie (Depths:1)
  A quicksilver dragon zombie (Depths:3)
  A spectral guardian serpent (Vaults:5)
  6 skeletal warriors
  6 flayed ghosts
  A lindwurm (shapeshifter) (Vaults:5)
  A tengu zombie (Depths:3)
  A stone giant zombie (Depths:4)
  A frost giant zombie (Depths:4)
  4 wolf spider zombies
  4 phantasmal warriors
  A fire giant zombie (Depths:4)
  A death scarab zombie (Spider:4)
  A yaktaur (Vaults:5)
  3 spectral elves
  A redback zombie (Spider:4)
  A hydra zombie (Lair:6)
  4 sea snake zombies
  A polar bear (shapeshifter) (Vaults:1)
  2 jumping spider zombies
  An ettin zombie (Depths:3)
  A tarantella zombie (Spider:1)
  4 flying skulls
  8 vampires
  An elf zombie (Vaults:1)
  3 wraiths
  3 faun zombies (Shoals:4)
  A warg (Vaults:5)
  4 merfolk zombies
  A spectral troll (Lair:4)
  8 human zombies
  3 spiny frog zombies
  2 deep troll zombies
  A hornet zombie (D:11)
  5 blink frog zombies
  An elephant zombie (Lair:5)
  2 dream sheep zombies (Lair:5)
  An ogre (shapeshifter) (Depths:1)
  A hog zombie (D:7)
  A boggart (Vaults:1)
  3 rime drake zombies
  A human (D:7)
  A vampire mosquito zombie (D:14)
  An apocalypse crab zombie (Abyss:2)
  8 yaktaur zombies
  A komodo dragon zombie (D:15)
  4 water moccasin zombies
  2 warg zombies (Vaults:5)
  A yak zombie (D:14)
  2 troll zombies
  3 spriggan zombies
  4 wights
  4 bullfrog zombies
  A centaur zombie (D:14)
  2 basilisk zombies (Lab)
  A kobold skeleton (D:15)
  A killer bee zombie (D:8)
  2 big kobold zombies (D:11)
  3 crocodile zombies
  2 ogre zombies
  2 sky beast zombies
  A mottled dragon zombie (D:11)
  A mummy (D:8)
  An iguana zombie (D:8)
  An adder skeleton (D:8)
  A ball python zombie (D:4)
  An orc skeleton (Orc:2)
  37 orc zombies
  5 fungi
  29 plants
  4 starspawn tentacles (Abyss:2)
245 creatures vanquished.

Grand Total: 1880 creatures vanquished
